 Dungeon Crawl Stone Soup version 0.30-b1-2-g02819fbbbe (webtiles) character file.

Game seed: 6273779422067638114

120 sizableburger the Conjurer (level 5, 0/28 HPs)
             Began as a Kobold Conjurer on May 3, 2023.
             Slain by Pargi (3 damage)
             ... on level 3 of the Dungeon.
             The game lasted 00:06:07 (2923 turns).

sizableburger the Conjurer (Kobold Conjurer)        Turns: 2923, Time: 00:06:07

Health: 0/28       AC:  2    Str:  4    XL:     5   Next: 25%
Magic:  6/9        EV: 15    Int: 22    God:
Gold:   201        SH:  0    Dex: 13    Spells: 0/10 levels left

rFire   . . .        h - +2 dagger (venom)
rCold   . . .        (no shield)
rNeg    . . .        a - +0 robe
rPois   .            (no helmet)
rElec   .            (no cloak)
rCorr   .            (no gloves)
SInv    .            (no boots)
Will    .....        (no amulet)
Stlth   +++          (no ring)
HPRegen 0.24/turn    (no ring)
MPRegen 0.11/turn

%: no passive effects
@: mighty, attractive, flying
A: small, no large weapons, nightstalker 3
a: no special abilities


You were on level 3 of the Dungeon.
You visited 1 branch of the dungeon, and saw 3 of its levels.

You collected 201 gold pieces.

Inventory:

Hand Weapons
 h - a +2 dagger of venom (weapon)
Armour
 a - a +0 robe (worn)
Jewellery
 c - a +5 ring of evasion
Potions
 b - a potion of magic
 f - a potion of flight
 j - a potion of attraction


   Skills:
 + Level 3.4 Dodging
 - Level 2.6 Stealth
 - Level 3.1 Spellcasting
 + Level 4.8 Conjurations
 + Level 1.9 Hexes


You couldn't memorise any spells.
You knew the following spells:

 Your Spells              Type           Power      Damage    Failure   Level
a - Magic Dart            Conj           96%        1d7       1%          1
b - Searing Ray           Conj           48%        2d6       2%          2
c - Dazzling Flash        Conj/Hex       36%        N/A       9%          3
d - Fulminant Prism       Conj/Hex       9%         3d7       30%         4

Your spell library contained the following spells:

 Spells                   Type           Power      Damage    Failure   Level
 Iskenderun's Mystic Bla  Conj/Tloc      14%        2d5       41%         4


Dungeon Overview and Level Annotations

Branches:
Dungeon (3/15)

Altars:
Xom

Annotations:
D:3 1 runed translucent door, Grinder; Pargi; TittyCrusher's ghost, amateur FoFi


Innate Abilities, Weirdness & Mutations

You are small and have problems with some larger weapons.
You are completely attuned to the shadows.


Message History

Okay, then.
As you read the scroll labelled DIUTUUDURCH, it crumbles to dust.
You feel aware of your surroundings.
You sensed 1 altar.
It was a scroll of magic mapping.
Grinder misses you.
Casting: Dazzling Flash (quite dangerous; 9% risk of failure)
Confirm with . or Enter, or press ? or * to list all spells.
Aiming: Searing Ray (safe; 2% risk of failure)
Press: ? - help, Shift-Dir - straight line, f - Grinder
Aim: Grinder (blue smoke, 77% to hit)
The searing ray hits Grinder.
Grinder is lightly wounded.
The searing ray hits the endoplasm!
You kill the endoplasm! (Press . to maintain the ray.)
A dart slug comes into view.
Pargi the Meek comes into view.
Grinder gestures at you. Pain shoots through your body!
Unknown command.
You aren't carrying any scrolls.
It was a potion of curing.
You feel better. Grinder hits you! Pargi attacks as you move away!
Pargi bites you. Pargi completely misses you. Pargi closely misses you.
Grinder attacks as you move away! Grinder hits you but does no damage.
Grinder attacks as you move away! Grinder hits you.
You writhe in agony.
Pargi snarls, "My home!
Leave!"
Pargi misses you. Pargi closely misses you. Pargi claws you but does no damage.
It was a potion of attraction.
You feel attractive to monsters. The dart slug misses you. Pargi bites you.
* * * LOW HITPOINT WARNING * * *
Pargi claws you.
* * * LOW HITPOINT WARNING * * *
Pargi misses you.
Grinder says, "You look like you could use a good racking."
It was a potion of might.
You feel very mighty all of a sudden. Pargi bites you.
* * * LOW HITPOINT WARNING * * *
Pargi claws you.
You die...

*,*** #..# *,** *****,,,* #..##
*,* **,,,,,*,** #...# **,*
*,,,,,,,,,** #.#.# ******,,*
,,,,,,,,,,,*** #.#.# ***,,,,,,**
,,,,,,,,,*,,,* #.#.# *,,,******
,,,,,,,,,***.###.#.###,***
,,,,,,,,,* *.........#,**********
,,,,,,,,,**#####@#§#...#,,,,,,,,,
*,,,,,,,,,,..§§Tw5§.....,********
,,,,,,,,<***###§§##....#**
,,,,,,,,,*****#§##*#....,*
,,,,,,,,,*,,,.§§§,,,.^.,,*
,,,,,,,,,*,*##§#..*,,,*,,***
,,,,,,,,,,,,,..*$.#,,,*,,,,*
*,,,,,>,*,,,,,,*,,*,,,*,,*,**
**,,,,,***,,,,,,,,,,,,,,,,,,*


You could see Grinder, Pargi and a dart slug.

Vanquished Creatures
  Terence (D:2)
  Robin (D:2)
  An adder (D:2)
  6 orcs (D:3)
  5 endoplasms
  4 giant cockroaches
  14 goblins
  6 hobgoblins
  7 kobolds
  4 quokkas
  2 ball pythons
  5 bats
  5 frilled lizards
  2 rats
63 creatures vanquished.

Notes
Turn   | Place    | Note
-------+----------+-------------------------------------------
     0 | D:1      | sizableburger the Kobold Conjurer began the quest for the
                  | Orb.
     0 | D:1      | Reached XP level 1. HP: 10/10 MP: 3/3
   144 | D:1      | Reached XP level 2. HP: 15/15 MP: 1/5
   147 | D:1      | Learned a level 2 spell: Searing Ray
   662 | D:1      | Reached XP level 3. HP: 19/19 MP: 0/6
   856 | D:1      | Learned a level 3 spell: Dazzling Flash
  1213 | D:2      | Noticed Terence
  1214 | D:2      | Noticed Robin
  1317 | D:2      | Reached skill level 1 in Hexes
  1407 | D:2      | Found a shimmering altar of Xom.
  1459 | D:2      | Reached XP level 4. HP: 24/24 MP: 5/8
  1920 | D:2      | Killed Robin
  2263 | D:2      | Killed Terence
  2264 | D:2      | Reached XP level 5. HP: 24/28 MP: 0/9
  2283 | D:2      | Learned a level 4 spell: Fulminant Prism
  2733 | D:3      | Found a runed translucent door.
  2733 | D:3      | Noticed TittyCrusher's ghost (amateur FoFi)
  2912 | D:3      | Noticed Grinder
  2918 | D:3      | Noticed Pargi
  2923 | D:3      | Slain by Pargi

Illustrated notes

Levels and vault maps discovered:
D:1:      denvon_arrival_hothouse, layout_basic
D:2:      layout_basic, basic_altar, uniq_robin, uniq_terence
D:3:      layout_rooms, hellmonk_ghost_happy_afterlife,
          hellmonk_ecumenical_altar_lost_god, dreamdust_princess_bridge,
          item_on_display_a, uniq_pargi, uniq_ijyb, uniq_grinder

Skill      XL: |  1  2  3  4 |
---------------+-------------+-----
Hexes          | 1 |  1.9
Dodging        | 3 |  3.4
Spellcasting   | 3 |  3.1
Stealth        | |  2.6
Conjurations   | |  4.8

Action                     |  1- 3 |  4- 6 || total
---------------------------+-------+-------++-------
  Melee: Dagger            |       |    19 ||    19
   Cast: Magic Dart        |    31 |    15 ||    46
         Searing Ray       |    11 |    12 ||    23
    Use: Scroll            |       |     4 ||     4
         Potion            |       |     4 ||     4
   Stab: Sleeping          |       |     3 ||     3
 Armour: Robe              |     1 |     6 ||     7
  Dodge: Dodged            |     8 |    27 ||    35
